 Dungeon Crawl Stone Soup version 0.22-a0-247-gbddf880757 (webtiles) character file.

1091 Peterchen the Cleaver (level 8, -6/64 HPs)
             Began as a Minotaur Berserker on Feb 24, 2018.
             Was an Elder of Trog.
             Mangled by an ogre
             ... wielding a +0 giant club
              (18 damage)
             ... on level 6 of the Dungeon.
             The game lasted 00:09:03 (3655 turns).

Peterchen the Cleaver (Minotaur Berserker)          Turns: 3655, Time: 00:09:04

Health: -6/64      AC:  7    Str: 29    XL:     8   Next: 9%
Magic:  7/7        EV: 11    Int:  9    God:    Trog [****..]
Gold:   304        SH:  0    Dex: 10    Spells: 7/7 levels left

rFire    + . .     SeeInvis .   a - +0 hand axe
rCold    . . .     Gourm    .   (no shield)
rNeg     . . .     Faith    .   j - +0 scale mail
rPois    .         Spirit   .   (helmet restricted)
rElec    .         Reflect  .   t - +0 cloak (curse)
rCorr    .         Harm     .   (no gloves)
MR       .....                  (no boots)
Stlth    ..........             (no amulet)
HPRegen  0.20/turn              k - ring of protection from fire
MPRegen  0.10/turn              s - +5 ring of intelligence

@: mighty, berserk cooldown
A: retaliatory headbutt, horns 2
a: Berserk, Trog's Hand, Brothers in Arms, Renounce Religion


You were on level 6 of the Dungeon.
You worshipped Trog.
Trog was greatly pleased with you.
You were not hungry.

You visited 1 branch of the dungeon, and saw 6 of its levels.

You collected 304 gold pieces.

Inventory:

Hand Weapons
 a - a +0 hand axe (weapon)
Armour
 j - a +0 scale mail (worn)
 t - a cursed +0 cloak (worn)
Jewellery
 k - a ring of protection from fire (left hand)
 s - a +5 ring of intelligence (right hand)
Wands
 u - a wand of random effects (35)
 y - a wand of polymorph (13)
 z - a wand of iceblast (11)
Scrolls
 b - a scroll of amnesia
 e - 2 scrolls of teleportation
 f - a scroll of immolation
 g - 2 scrolls of remove curse
 h - 6 scrolls of random uselessness
 m - a scroll of fear
Potions
 d - a potion of might
 i - 2 potions of agility
 l - a potion of degeneration
 n - a potion of flight
 o - a potion of mutation
 p - a potion of curing
 q - a potion of resistance
 r - a potion of haste {unknown}
 v - a potion of heal wounds {unknown}
 w - a potion of lignification {unknown}
Comestibles
 c - 10 rations
 x - 2 chunks of flesh


   Skills:
 - Level 3.6 Fighting
 * Level 11.7 Axes
 - Level 2.4 Armour
 - Level 2.1 Dodging


You had 7 spell levels left.
You didn't know any spells.

Dungeon Overview and Level Annotations

Branches:
Dungeon (6/15)             Temple (0/1) D:5

Altars:
Fedhas
Kikubaaqudgha
Okawaru
Qazlal
Uskayaw
Xom


Innate Abilities, Weirdness & Mutations

You reflexively headbutt those who attack you in melee.
You have a pair of horns on your head.


Message History

You slash the ogre!
The ogre is moderately wounded.
You barely miss the ogre.
The ogre is moderately wounded.
The ogre hits you with a giant club!!
You are too injured to fight recklessly!
You are too injured to fight recklessly!
You are too injured to fight recklessly!
You barely miss the ogre.
The ogre is moderately wounded.
You hit the ogre but do no damage.
The ogre is moderately wounded.
The ogre hits you with a giant club!
* * * LOW HITPOINT WARNING * * *
You're still recovering from your berserk rage.
You fail to use your ability.
The ogre hits you with a giant club.
* * * LOW HITPOINT WARNING * * *
You feel very mighty all of a sudden. The ogre hits you with a giant club!!
You die...

######### #..!....#
#.......# #.......#
#.......# ..
#..O....# ..<
#..@....## .... ###
########..........
....##..
..................
........
.###...#..##.......
........ ....._....#
.###.#. #####..
..........##.##....
#####.
..........#..#..####
#.....
.....8..(..........#
#.....
...................#
#.....


You could see an ogre.

Vanquished Creatures
  Sigmund (D:3)
  2 phantoms
  An ogre (D:6)
  A bullfrog (D:6)
  A bullfrog zombie (D:5)
  2 hounds
  An orc priest (D:5)
  2 bullfrog skeletons (D:5)
  Terence (D:3)
  2 iguanas (D:5)
  2 orc wizards
  3 worker ants
  11 adders
  An ooze (D:5)
  3 worms
  3 dart slugs
  5 leopard geckos
  15 orcs
  3 ball pythons
  5 giant cockroaches
  10 goblins
  5 hobgoblins
  9 jackals
  6 kobolds
  4 quokkas
  8 bats
  7 frilled lizards
  A leopard gecko skeleton (D:4)
  6 rats
121 creatures vanquished.

Notes
Turn   | Place    | Note
-------+----------+-------------------------------------------
     0 | D:1      | Peterchen the Minotaur Berserker began the quest for the Orb.
     0 | D:1      | Reached XP level 1. HP: 19/19 MP: 0/0
   109 | D:1      | Reached skill level 4 in Axes
   127 | D:1      | Reached XP level 2. HP: 14/26 MP: 1/1
   497 | D:1      | Reached skill level 5 in Axes
   499 | D:1      | Reached XP level 3. HP: 29/31 MP: 2/2
   558 | D:2      | Reached ** piety under Trog
   887 | D:2      | Reached skill level 6 in Axes
   887 | D:2      | Reached XP level 4. HP: 29/39 MP: 3/3
  1073 | D:2      | Found a faded altar of an unknown god.
  1135 | D:2      | Found a blossoming altar of Fedhas.
  1505 | D:3      | Noticed Sigmund
  1517 | D:3      | Killed Sigmund
  1517 | D:3      | Reached skill level 8 in Axes
  1517 | D:3      | Reached XP level 5. HP: 45/45 MP: 4/4
  1517 | D:3      | Reached XP level 6. HP: 51/51 MP: 5/5
  1585 | D:3      | Reached *** piety under Trog
  1591 | D:3      | Noticed Terence
  1598 | D:3      | Killed Terence
  2239 | D:4      | Reached skill level 9 in Axes
  2316 | D:4      | Reached XP level 7. HP: 57/57 MP: 6/6
  2465 | D:4      | Found a hide-covered altar of Uskayaw.
  2686 | D:5      | Entered Level 5 of the Dungeon
  2899 | D:5      | Reached skill level 10 in Axes
  3025 | D:5      | Reached **** piety under Trog
  3150 | D:5      | Found a staircase to the Ecumenical Temple.
  3294 | D:5      | Found an iron altar of Okawaru.
  3594 | D:6      | Reached skill level 11 in Axes
  3609 | D:6      | Reached XP level 8. HP: 57/64 MP: 7/7
  3610 | D:6      | Found an ancient bone altar of Kikubaaqudgha.
  3616 | D:6      | Found a shimmering altar of Xom.
  3635 | D:6      | Found a stormy altar of Qazlal.
  3655 | D:6      | Mangled by an ogre

Vault maps used:
D:1:      nicolae_arrival_memento_mori, grunt_decor_arrowhead,
          solitary_fountain, serial_park_tiny_2, minmay_misc_feat_columns
D:2:      chequers_ecumenical_altar_simple, fedhas_altar_3
D:3:      first_ration, st_stairs_1, uniq_terence, uniq_sigmund
D:4:      eat_drink_and_be_merry_uskayaw
D:5:      okawaru_trees_2, minmay_temple_entry_nine_rooms,
          hangedman_abyss_or_decor_lesser_grid
D:6:      grunt_temple_overflow_open, basic_altar, grunt_ashenzari_visionary

Skill      XL: |  1  2  3  4  5  6  7 |
---------------+----------------------+-----
Axes           | 4 5 6 8 9 11 | 11.7
Fighting       | |  3.6
Armour         | |  2.4
Dodging        | |  2.1

Action                   |  1- 3 |  4- 6 |  7- 9 || total
-------------------------+-------+-------+-------++-------
Melee: Hand axe          |    67 |   124 |   107 ||   298
       Headbutt          |     9 |    24 |    21 ||    54
Invok: Berserk           |     1 |     2 |     1 ||     4
  Use: Scroll            |       |     4 |     8 ||    12
       Potion            |       |       |     1 ||     1
  Eat: Chunk             |     1 |     5 |     6 ||    12
Armor: Animal skin       |    14 |     2 |       ||    16
       Scale mail        |       |    30 |    31 ||    61
Dodge: Dodged            |    47 |    68 |    45 ||   160

Table legend:
 A = Spawn XP
 B = Non-spawn XP
 C = Spawn XP percentage of total XP
 D = Spawn monster count
 E = Non-spawn monster count
 F = Spawn count percentage of total count
 G = Total turns spent on level
                    A         B        C        D         E        F      G
               +---------+---------+-------+---------+---------+-------+---------
         Total |       0 |    1559 |   0.0 |       0 |     121 |   0.0 |  3655
               +---------+---------+-------+---------+---------+-------+---------
           D:1 |       0 |      41 |   0.0 |       0 |      21 |   0.0 |   525
           D:2 |       0 |     106 |   0.0 |       0 |      30 |   0.0 |   702
           D:3 |       0 |     409 |   0.0 |       0 |      26 |   0.0 |   964
           D:4 |       0 |     257 |   0.0 |       0 |      17 |   0.0 |   497
           D:5 |       0 |     402 |   0.0 |       0 |      23 |   0.0 |   879
           D:6 |       0 |     344 |   0.0 |       0 |       4 |   0.0 |    88
               +---------+---------+-------+---------+---------+-------+---------
